 Dungeon Crawl Stone Soup version 0.31-a0-231-g51bb95cda3 (webtiles) character file.

Game seed: 748397425586962215

78 qw the Shooter (level 4, -5/36 HPs)
             Began as a Minotaur Hexslinger on July 6, 2023.
             Slain by Edmund
             ... wielding a +3 flail of protection
              (6 damage)
             ... on level 4 of the Dungeon.
             The game lasted 00:00:44 (2280 turns).

qw the Shooter (Minotaur Hexslinger)                Turns: 2280, Time: 00:00:45

Health: -5/36      AC:  5    Str: 13    XL:     4   Next: 15%
Magic:  4/4        EV: 11    Int: 10    God:
Gold:   327        SH:  0    Dex: 14    Spells: 4/5 levels left

rFire   + . .        b - +1 sling (heavy)
rCold   . . .        (no shield)
rNeg    . . .        k - +0 ring mail
rPois   .            (helmet restricted)
rElec   .            (no cloak)
rCorr   .            (no gloves)
SInv    .            (no boots)
Will    .....        (no amulet)
Stlth   +            h - ring of protection from fire
HPRegen 0.26/turn    (no ring)
MPRegen 0.09/turn

%: no passive effects
@: no status effects
A: horns 2, retaliatory headbutt
a: no special abilities


You were on level 4 of the Dungeon.
You visited 1 branch of the dungeon, and saw 4 of its levels.

You collected 327 gold pieces.


Innate Abilities, Weirdness & Mutations

You have a pair of horns on your head.
You reflexively headbutt those who attack you in melee.


   Skills:
 - Level 2.0 Fighting
 + Level 4.3 Ranged Weapons
 - Level 1.5 Armour
 - Level 2.1 Dodging
 - Level 1.0 Spellcasting
 - Level 2.0 Hexes


You had 4 spell levels left.
You knew the following spells:

 Your Spells              Type           Power      Damage    Failure   Level
a - Slow                  Hex            16%        N/A       32%         1

Your spell library contained the following spells:

 Spells                   Type           Power      Damage    Failure   Level
 Inner Flame              Hex/Fire       2%         N/A       82%         3
 Portal Projectile        Hex/Tloc       4%         N/A       82%         3
 Cause Fear               Hex            2%         N/A       97%         4

Inventory:

Hand Weapons
 b - a +1 heavy sling (weapon)
Armour
 k - a +0 ring mail (worn)
Jewellery
 h - a ring of protection from fire (left hand)
Scrolls
 a - a scroll of brand weapon
 e - a scroll of identify
Potions
 c - a potion of haste {unknown}
 d - a potion of curing
 i - a potion of enlightenment {unknown}

Dungeon Overview and Level Annotations

Branches:
Dungeon (4/15)
 Temple: D:4-7

Altars:
Ashenzari
Hepliaklqana
Sif Muna

Annotations:
D:4 Edmund


Message History

Where to? (* - list waypoints, Enter - D:3, ? - help)
What level of the Dungeon? (default 1, ? - help)
There is a stone staircase leading down here.
You climb downwards.
There is a stone staircase leading up here.
Waypoint 3 assigned to D:4.
There is a stone staircase leading up here.
You now have 327 gold pieces (gained 9).
Edmund the Younger comes into view.
He is wielding a +3 flail of protection.
Edmund shouts!
You shoot a sling bullet. The sling bullet closely misses Edmund.
You shoot a sling bullet. The sling bullet hits Edmund.
Edmund is lightly wounded.
Edmund clears his throat.
You shoot a sling bullet. The sling bullet hits Edmund.
Edmund is lightly wounded.
You shoot a sling bullet.
The sling bullet completely misses Edmund.
Edmund hits you with a +3 flail of protection. x2
You shoot a sling bullet. The sling bullet hits Edmund!
Edmund is moderately wounded.
Edmund hits you with a +3 flail of protection!
Edmund misses you.
You shoot a sling bullet. The sling bullet hits Edmund.
Edmund is moderately wounded.
Edmund hits you with a +3 flail of protection.
Edmund barely misses you.
You shoot a sling bullet. The sling bullet barely misses Edmund.
Edmund closely misses you. Edmund barely misses you.
You shoot a sling bullet.
The sling bullet hits Edmund but does no damage.
Edmund is moderately wounded.
Edmund hits you with a +3 flail of protection.
Edmund hits you with a +3 flail of protection!
You shoot a sling bullet.
The sling bullet hits Edmund but does no damage.
Edmund is moderately wounded.
Edmund hits you with a +3 flail of protection!
Edmund hits you with a +3 flail of protection.
You die...

#....## .
#.....## ..
##......# ...
#.......# ....
#........#
.....##........#
#....##....##
#.....######
#..###.@# #..
##.@# #.. ##..#
#. ##.# .. #.#
#.. #.. #.


You could see Edmund.

Vanquished Creatures
  An adder (D:2)
  A worm (D:2)
  3 dart slugs
  7 ball pythons
  8 bats
  7 endoplasms
  2 giant cockroaches (D:1)
  3 goblins (D:2)
  8 hobgoblins
  A quokka (D:1)
  3 frilled lizards
  5 kobolds
  7 rats
56 creatures vanquished.

Notes
Turn   | Place    | Note
-------+----------+-------------------------------------------
     0 | D:1      | qw the Minotaur Hexslinger began the quest for the Orb.
     0 | D:1      | Reached XP level 1. HP: 16/16 MP: 1/1
     0 | D:1      | 0 ||| qw: Version: 0.3-a-46-gb1f654a
     0 | D:1      | 0 ||| qw: Game counter: 1905
     0 | D:1      | 0 ||| qw: Melee chars always use a shield: true
     0 | D:1      | 0 ||| qw: God list: Okawaru
     0 | D:1      | 0 ||| qw: Allow faded altars: false
     0 | D:1      | 0 ||| qw: Do Orc after clearing Dungeon:15 true
     0 | D:1      | 0 ||| qw: Do second Lair branch before Depths: true
     0 | D:1      | 0 ||| qw: Lair rune preference: random
     0 | D:1      | 0 ||| qw: Goals: Normal
     0 | D:1      | 0 ||| PLANNING D:1-11
    48 | D:1      | Reached skill level 3 in Ranged Weapons
    56 | D:1      | Reached XP level 2. HP: 22/23 MP: 2/2
   524 | D:1      | Reached XP level 3. HP: 29/29 MP: 3/3
   767 | D:1      | 767 ||| UPGRADING to +0 leather armour.
   777 | D:1      | 777 ||| DROPPING +0 robe.
   778 | D:1      | 778 ||| UPGRADING to +0 ring mail.
   788 | D:1      | 788 ||| DROPPING +0 leather armour.
   789 | D:1      | 789 ||| UPGRADING to ring of protection from fire.
   790 | D:1      | 790 ||| READING scroll labelled BEIMODA LATH.
   791 | D:1      | 791 ||| READING scroll labelled AGEALOETIU.
   792 | D:1      | 792 ||| READING 2 scrolls labelled OWNULEOLATS.
   793 | D:1      | 793 ||| READING scroll labelled HYIZACONUG.
   796 | D:1      | Found a hazy altar of Hepliaklqana.
   797 | D:1      | 797 ||| READING scroll labelled YSAETEI YQEWU.
   798 | D:1      | 798 ||| DROPPING scroll of poison.
   799 | D:1      | 799 ||| DROPPING scroll of amnesia.
   849 | D:2      | Found a broken altar of Ashenzari.
  1145 | D:2      | Reached skill level 4 in Ranged Weapons
  1457 | D:2      | Reached skill level 1 in Armour
  1718 | D:2      | 1718 ||| DROPPING ring of flight.
  1719 | D:2      | 1719 ||| READING 3 scrolls labelled VUEMEI BIGATE.
  1720 | D:2      | 1720 ||| READING 2 scrolls of brand weapon.
  1720 | D:2      | 1720 ||| BRANDING +1 sling of draining.
  1721 | D:2      | 1721 ||| READING scroll labelled DADATU HAYFUCW.
  1841 | D:3      | Found a faded altar of an unknown god.
  1857 | D:3      | Found a shimmering blue altar of Sif Muna.
  1989 | D:3      | Reached XP level 4. HP: 36/36 MP: 4/4
  1998 | D:3      | Found a hazy altar of Hepliaklqana.
  2230 | D:3      | 2230 ||| DRINKING 2 fuming yellow potions.
  2271 | D:4      | Noticed Edmund
  2279 | D:4      | HP: 8/36 [Edmund/+3 flail of protection (9)]
  2280 | D:4      | HP: 1/36 [Edmund/+3 flail of protection (8)]
  2280 | D:4      | Slain by Edmund

Levels and vault maps discovered:
D:1:      sevenhm_arrival_forest_fort_small_6, layout_loops_ring,
          serial_bayou_ford_a, minmay_pentomino_w2
D:2:      layout_loops_corners, serial_aquarium, aquarium_bridge_long_separate
          [aquarium_subvault_bridge, aquarium_subvault_bridge,
          aquarium_subvault_bridge, aquarium_subvault_wall,
          aquarium_subvault_bridge, aquarium_subvault_window],
          aquarium_bridge_square [aquarium_subvault_bridge,
          aquarium_subvault_bridge, aquarium_subvault_wall,
          aquarium_subvault_wall], aquarium_window_1,
          aquarium_window_corridor_2, aquarium_window_fake, aquarium_view_2d,
          basic_altar
D:3:      layout_rooms, amcnicky_altar_gilded,
          mainiacjoe_overflow_surrounded_room, ebering_ecumenical_altar_hall,
          grunt_ministairs_2, nrook_uturn
D:4:      layout_cave_pods, serial_shops, shop_scrolls, minmay_mini_jars,
          uniq_edmund

Skill      XL: |  1  2  3 |
---------------+----------+-----
Ranged Weapons | 3 4 |  4.3
Fighting       | 2 |  2.0
Armour         | 1 |  1.5
Dodging        | |  2.1
Spellcasting   | |  1.0
Hexes          | |  2.0

Action                     |  1- 3 |  4- 6 || total
---------------------------+-------+-------++-------
   Fire: Sling             |   113 |    26 ||   139
    Use: Scroll            |     8 |       ||     8
         Potion            |       |     1 ||     1
 Armour: Robe              |     3 |       ||     3
         Ring mail         |    13 |     5 ||    18
  Dodge: Dodged            |    33 |     8 ||    41

Table legend:
 A = Non-vault XP
 B = Vault XP
 C = Vault XP percentage of total XP
 D = Non-vault monster count
 E = Vault monster count
 F = Vault count percentage of total count
                 A         B        C        D         E       F
            +---------+---------+-------+---------+---------+-------
      Total |     107 |       5 |   4.5 |      53 |       3 |   5.4
            +---------+---------+-------+---------+---------+-------
        D:1 |      39 |       2 |   4.9 |      24 |       1 |   4.0
        D:2 |      50 |       0 |   0.0 |      20 |       0 |   0.0
        D:3 |      18 |       3 |  14.3 |       9 |       2 |  18.2
            +---------+---------+-------+---------+---------+-------
